 Dungeon Crawl Stone Soup version 0.28.0 (webtiles) character file.

Game seed: 2053954086504143532

50 SnakkuSnakku7 the Skirmisher (level 3, -10/34 HPs)
             Began as a Hill Orc Fighter on Feb 17, 2022.
             Mangled by Crazy Yiuf (15 damage)
             ... on level 2 of the Dungeon.
             The game lasted 00:01:27 (960 turns).

SnakkuSnakku7 the Skirmisher (Hill Orc Fighter)      Turns: 960, Time: 00:01:29

Health: -10/34     AC:  6    Str: 20    XL:     3   Next: 79%
Magic:  3/3        EV:  9    Int:  8    God:
Gold:   65         SH:  4    Dex: 10    Spells: 2/2 levels left

rFire   . . .      SeeInvis .   a - +1 whip (elec)
rCold   . . .      Faith    .   c - +0 buckler
rNeg    . . .      Spirit   .   b - +0 scale mail
rPois   .          Reflect  .   (no helmet)
rElec   .          Harm     .   (no cloak)
rCorr   .          Rampage  .   (no gloves)
Will    .....                   (no boots)
Stlth   ..........              (no amulet)
HPRegen 0.11/turn               (no ring)
MPRegen 0.08/turn               (no ring)

@: invisible
A: no striking features
a: no special abilities


You were on level 2 of the Dungeon.
You visited 1 branch of the dungeon, and saw 2 of its levels.

You collected 65 gold pieces.

Inventory:

Hand Weapons
 a - a +1 whip of electrocution (weapon)
 e - a +0 war axe
Armour
 b - a +0 scale mail (worn)
 c - a +0 buckler (worn)
Scrolls
 f - 2 scrolls of brand weapon {unknown}
 h - a scroll of identify {unknown}
 i - a scroll of vulnerability {unknown}
 l - 2 scrolls of magic mapping {unknown}
Potions
 d - a potion of might
 g - 2 potions of lignification {unknown}
 j - a potion of brilliance {unknown}
 k - a potion of attraction {unknown}


   Skills:
 + Level 4.7 Fighting
 + Level 4.2 Axes
 - Level 3.2 Armour
 - Level 3.2 Shields


You had 2 spell levels left.
You didn't know any spells.
Your spell library was empty.

Dungeon Overview and Level Annotations

Branches:
Dungeon (2/15)

Altars:

Annotations:
D:2 Crazy Yiuf


Message History

Lightning courses through the hobgoblin!
You kill the hobgoblin!
An endoplasm comes into view.
The endoplasm quivers.
An endoplasm is nearby!
You hit the endoplasm.
Lightning courses through the endoplasm!
You kill the endoplasm!
You now have 65 gold pieces (gained 16).
HP restored.
You open the door.
Found a mace.
Found a mace.
You see here a +0 mace.
You see here a +0 mace.
Found four maces.
Found a runed translucent door.
You see here a +0 mace.
Found a glowing mace and a mace.
You see here a +0 mace.
You open the door. You closely miss Crazy Yiuf.
Crazy Yiuf hits you with a +4 quarterstaff of chaos.
You hit Crazy Yiuf.
Crazy Yiuf is lightly wounded.
Crazy Yiuf hits you with a +4 quarterstaff of chaos!
You fade into invisibility!
You hit Crazy Yiuf.
Crazy Yiuf is heavily wounded.
Crazy Yiuf barely misses you.
You closely miss Crazy Yiuf.
Crazy Yiuf is heavily wounded.
Crazy Yiuf twirls on the spot.
Crazy Yiuf barely misses you.
You catch the helpless Crazy Yiuf completely off-guard!
You hit Crazy Yiuf.
Crazy Yiuf is heavily wounded.
Crazy Yiuf hits you with a +4 quarterstaff of chaos!
* * * LOW HITPOINT WARNING * * *
You are electrocuted!
You die...

##.#...##
#.......#######
#.....#.........
########.###.... ###
#.##. ♣♣♣♣♣### #.##.
### ♣♣♣.♣)...## #.##.
#.))#♣.)♣)PP...###.###
#...g@♣♣♣♣......##.###
#)).#♣♣ ♣♣...........
### ♣♣#######.##
#####...# #'.......
#####...# ##.## #### #


You could see Crazy Yiuf.

Vanquished Creatures
  A dart slug (D:1)
  An orc (D:2)
  3 ball pythons (D:1)
  4 bats
  3 endoplasms
  A giant cockroach (D:2)
  5 goblins
  8 hobgoblins
  6 jackals (D:1)
  2 kobolds (D:1)
  A frilled lizard (D:1)
  5 rats
40 creatures vanquished.

Notes
Turn   | Place    | Note
-------+----------+-------------------------------------------
     0 | D:1      | SnakkuSnakku7 the Hill Orc Fighter began the quest for the
                  | Orb.
     0 | D:1      | Reached XP level 1. HP: 19/19 MP: 1/1
   104 | D:1      | Reached XP level 2. HP: 26/27 MP: 2/2
   130 | D:1      | Found a faded altar of an unknown god.
   325 | D:1      | Reached XP level 3. HP: 24/34 MP: 3/3
   951 | D:2      | Found a runed translucent door.
   952 | D:2      | Noticed Crazy Yiuf
   960 | D:2      | Mangled by Crazy Yiuf

Illustrated notes

Levels and vault maps discovered:
D:1:      evilmike_arrival_rings, layout_loops_ring, basic_ecumenical_altar
D:2:      layout_loops_corners, uniq_crazy_yiuf_cottage

Skill      XL: |  1  2  3 |
---------------+----------+-----
Axes           | 3 4 |  4.2
Fighting       | 4 |  4.7
Armour         | |  3.2
Shields        | |  3.2

Action                   || total
-------------------------++-------
Melee: War axe           ||    38
       Whip              ||    61
 Stab: Invisible         ||     1
Armor: Scale mail        ||    40
Dodge: Dodged            ||    40
Block: Buckler           ||    23
